 Dungeon Crawl Stone Soup version 0.27.0-1-g7a089689b8 (webtiles) character file.

Game seed: 11198445004948135105

257 Strat the Ruffian (level 6, -5/51 HPs)
             Began as a Ghoul Conjurer on Aug 9, 2021.
             Slain by a water moccasin (7 damage)
             ... on level 5 of the Dungeon.
             The game lasted 00:07:33 (4703 turns).

Strat the Ruffian (Ghoul Conjurer)                  Turns: 4703, Time: 00:07:34

Health: -5/51      AC:  5    Str: 13    XL:     6   Next: 16%
Magic:  0/7        EV: 10    Int: 13    God:
Gold:   132        SH:  0    Dex:  7    Spells: 7/8 levels left

rFire    . . .     SeeInvis .     - Unarmed
rCold    + . .     Faith    .   (no shield)
rNeg     + + +     Spirit   +   i - +0 ring mail
rPois    ∞         Reflect  .   (no helmet)
rElec    .         Harm     .   (no cloak)
rCorr    .         Rampage  .   (no gloves)
Will     .....                  (no boots)
Stlth    +.........             g - amulet of guardian spirit
HPRegen  0.00/turn              (no ring)
MPRegen  0.10/turn              (no ring)

@: inhibited regen
A: claws 1, cold resistance 1, negative energy resistance 3, inhibited
regeneration, torment resistance 2
a: no special abilities


You were on level 5 of the Dungeon.
You visited 1 branch of the dungeon, and saw 5 of its levels.

You collected 132 gold pieces.

Inventory:

Hand Weapons
 b - a +1 hunting sling
 d - a +0 short sword
 j - a +1 dagger of draining
 s - a +0 club
 u - a +2 vampiric whip
Missiles
 e - 80 stones
 k - 55 sling bullets
Armour
 f - a +0 robe
 i - a +0 ring mail (worn)
 o - a +0 scale mail
Jewellery
 g - an amulet of guardian spirit (around neck)
Scrolls
 m - a scroll of teleportation
Potions
 h - a potion of attraction
 n - a potion of haste
 p - a potion of curing
 q - a potion of berserk rage {unknown}
 t - a potion of might {unknown}


   Skills:
 - Level 3.0 Fighting
 - Level 1.7 Dodging
 - Level 2.1 Stealth
 * Level 5.5 Unarmed Combat
 - Level 1.7 Spellcasting
 - Level 3.2 Conjurations


You had 7 spell levels left.
You knew the following spells:

 Your Spells              Type           Power      Damage    Failure   Level
a - Magic Dart            Conj           36%        1d4       16%         1

Your spell library contained the following spells:

 Spells                   Type           Power      Damage    Failure   Level
 Searing Ray              Conj           18%        3d3       22%         2
 Foxfire                  Conj/Fire      20%        2x1d5     30%         1
 Conjure Flame            Conj/Fire      5%         6-21      65%         3
 Dazzling Flash           Conj/Hex       10%        N/A       65%         3
 Fulminant Prism          Conj/Hex       2%         3d6       96%         4
 Iskenderun's Mystic Bla  Conj/Tloc      5%         2d3       96%         4
 Manifold Assault         Tloc           1%         N/A       100%        5


Dungeon Overview and Level Annotations

Branches:
Dungeon (5/15)
 Temple: D:4-7

Altars:
Elyvilon
Sif Muna

Annotations:
D:3 Grinder
D:5 Sigmund


Innate Abilities, Weirdness & Mutations

You thrive by killing the living.
You are immune to poison.
You have sharp fingernails.
Your flesh is cold resistant. (rC+)
You are immune to negative energy. (rN+++)
You do not regenerate when monsters are visible.
You are immune to unholy pain and torment.


Message History

Your ring mail prevents you from hitting the water moccasin.
The water moccasin is moderately wounded.
The water moccasin bites you.
* * * LOW HITPOINT WARNING * * *
The water moccasin completely misses you.
You miss the water moccasin.
The water moccasin is moderately wounded.
The water moccasin closely misses you.
You scratch the water moccasin.
The water moccasin is heavily wounded.
The water moccasin bites you but does no damage.
You scratch the water moccasin.
The water moccasin is severely wounded.
The water moccasin barely misses you.
You scratch the water moccasin but do no damage.
The water moccasin is severely wounded.
The water moccasin bites you but does no damage.
You closely miss the water moccasin.
The water moccasin is severely wounded.
The water moccasin bites you.
* * * LOW HITPOINT WARNING * * *
The water moccasin bites you but does no damage.
You scratch the water moccasin but do no damage.
The water moccasin is severely wounded.
The water moccasin bites you but does no damage.
You miss the water moccasin.
The water moccasin is severely wounded.
The water moccasin barely misses you.
You barely miss the water moccasin.
The water moccasin is severely wounded.
The water moccasin closely misses you.
You barely miss the water moccasin.
The water moccasin is severely wounded.
The water moccasin bites you.
* * * LOW HITPOINT WARNING * * *
The water moccasin closely misses you.
You barely miss the water moccasin.
The water moccasin is severely wounded.
The water moccasin bites you!
You die...

##.###........# #...#
#####..##........#
#...#
#⌠⌠###.##........#
#.<.## # ##.
##__###..#........#
#..... .. ...
#≈..8#...(........#
##.... ..##.#
##''##............#
#.... ......
##..##....#.###.###
#....
...###...#####S#.###.#
#.... ####.#...###
#@......# ##....
.........# ##.###..#
#..... ####...#.#
#..##..#####...≈P
#..###.#
##.##...........P #..#
#.#######
#.###.#......P≈P #..#
#.......#
#.###.#.###≈≈≈≈≈ #.##
#####.### #..##.#.#
#≈≈♣♣♣ #.
#.######.##.#.# #P≈♣
#. #......#.##.#.#
#..♣♣♣


You could see a water moccasin.

Vanquished Creatures
  A scorpion (D:5)
  2 hounds
  An iguana (D:5)
  3 gnolls (D:3)
  An adder (D:2)
  A white imp (D:5)
  A dart slug (D:4)
  9 orcs
  6 ball pythons
  3 bats (D:1)
  3 endoplasms
  4 giant cockroaches
  11 goblins
  3 hobgoblins
  5 kobolds
  4 rats
58 creatures vanquished.

Vanquished Creatures (others)
  4 plants (D:5)
4 creatures vanquished.

Grand Total: 62 creatures vanquished

Notes
Turn   | Place    | Note
-------+----------+-------------------------------------------
     0 | D:1      | Strat the Ghoul Conjurer began the quest for the Orb.
     0 | D:1      | Reached XP level 1. HP: 14/14 MP: 2/2
   113 | D:1      | Reached skill level 1 in Unarmed Combat
   243 | D:1      | Reached XP level 2. HP: 20/22 MP: 3/3
   366 | D:1      | Reached skill level 1 in Fighting
   384 | D:1      | HP: 1/23 [ball python (1)]
   388 | D:1      | Reached skill level 2 in Unarmed Combat
  1035 | D:1      | Reached XP level 3. HP: 28/28 MP: 4/4
  1412 | D:2      | Got Sif Muna's Incunabulum of Fiery Dislocation
  2060 | D:2      | Reached skill level 3 in Unarmed Combat
  2261 | D:2      | Reached XP level 4. HP: 36/36 MP: 5/5
  2984 | D:3      | Noticed Grinder
  3606 | D:4      | Reached skill level 4 in Unarmed Combat
  3606 | D:4      | Reached XP level 5. HP: 20/42 MP: 3/6
  3781 | D:4      | Noticed an ogre
  3810 | D:5      | Entered Level 5 of the Dungeon
  3836 | D:5      | Found a shimmering blue altar of Sif Muna.
  4457 | D:5      | Reached skill level 5 in Unarmed Combat
  4457 | D:5      | Reached XP level 6. HP: 34/51 MP: 4/7
  4663 | D:5      | Noticed a water moccasin
  4663 | D:5      | Noticed Sigmund
  4702 | D:5      | HP: 2/51 [water moccasin (2)]
  4703 | D:5      | Slain by a water moccasin

Illustrated notes

Levels and vault maps discovered:
D:1:      saegor_arrival_simple_d, layout_loops_cross
D:2:      layout_basic, hangedman_decor_push, roderic_malta_cross
D:3:      layout_basic, uniq_grinder
D:4:      layout_basic, nicolae_hepliaklqana_ecumenical_no_more,
          nemelex_diamond_rough_becter, dk_noncrumbling_2, kennysheep_doodads,
          corexii_item_surrounded_by_moat
D:5:      layout_basic, gammafunk_temple_overflow_wave, serial_bayou_pond_c,
          roderic_roman_lattice, minmay_misc_feat_roman, uniq_sigmund

Skill      XL: |  1  2  3  4  5 |
---------------+----------------+-----
Unarmed Combat | 1 2 3 4 5 |  5.5
Fighting       | 1 2 3 |  3.0
Dodging        | |  1.7
Stealth        | |  2.1
Spellcasting   | |  1.7
Conjurations   | |  3.2

Action                   |  1- 3 |  4- 6 || total
-------------------------+-------+-------++-------
Melee: Short sword       |    25 |       ||    25
       Club              |     5 |       ||     5
       Whip              |   126 |    97 ||   223
       Punch             |     1 |       ||     1
       Unarmed           |       |    85 ||    85
 Fire: Hunting sling     |       |    33 ||    33
 Cast: Magic Dart        |     9 |       ||     9
  Use: Scroll            |       |     7 ||     7
       Potion            |       |     1 ||     1
Armor: Robe              |    23 |       ||    23
       Ring mail         |    39 |    42 ||    81
Dodge: Dodged            |    92 |    86 ||   178
